 Dungeon Crawl Stone Soup version 0.19.4-9-g45fd643 (webtiles) character file.

14 nono the Ruffian (level 2, 0/23 HPs)
             Began as a Ghoul Wanderer on Feb 16, 2017.
             Slain by a jackal (2 damage)
             ... on level 1 of the Dungeon.
             The game lasted 00:01:38 (477 turns).

nono the Ruffian (Ghoul Wanderer)                    Turns: 477, Time: 00:01:39

Health: 0/23       AC:  2    Str: 16    XL:     2   Next: 41%
Magic:  1/1        EV: 11    Int:  5    God:
Gold:   63         SH:  0    Dex:  9    Spells: 0 memorised, 1 level left

rFire  . . .     SeeInvis .       - Unarmed
rCold  + . .     Gourm    .     e - +0 robe
rNeg   + + +     Faith    .     (no shield)
rPois  ∞         Spirit   .     (no helmet)
rElec  .         Reflect  .     (no cloak)
rCorr  .         Harm     .     (no gloves)
MR     +....                    (no boots)
Stlth  ++........               (no amulet)
                                (no ring)
                                l - ring of protection from magic

@: rotting
A: rotting body, claws 1, carnivore 3, cold resistance 1, negative energy
resistance 3, slow regeneration 1, torment resistance, unbreathing
a: no special abilities


You were on level 1 of the Dungeon.
You were not hungry.

You visited 1 branch of the dungeon, and saw 1 of its levels.

You collected 63 gold pieces.

Inventory:

Hand Weapons
 a - a +2 dagger
 c - a +0 falchion
Armour
 e - a +0 robe (worn)
Jewellery
 l - a ring of protection from magic (left claw)
Scrolls
 b - a scroll of fear
 g - a scroll of recharging {unknown}
 i - 2 scrolls of amnesia {unknown}
 m - a scroll of remove curse {unknown}
Potions
 h - a potion of berserk rage {unknown}
 k - a potion of heal wounds {unknown}
Comestibles
 f - a meat ration
 j - a slice of pizza


   Skills:
 - Level 1.1 Fighting
 - Level 1.7 Long Blades
 - Level 1.0 Dodging
 - Level 3.2 Stealth
 + Level 4.1 Unarmed Combat


You had one spell level left.
You didn't know any spells.

Dungeon Overview and Level Annotations

Branches:
Dungeon (1/15)

Altars:


Innate Abilities, Weirdness & Mutations

Your body is rotting away.
You thrive on raw meat.
You are immune to poison.
You have sharp fingernails.
You are carnivorous and can eat meat at any time.
Your flesh is cold resistant. (rC+)
You are immune to negative energy. (rN+++)
You regenerate slowly when monsters are visible.
You are immune to unholy pain and torment.
You can survive without breathing.


Message History

The jackal bites you.
* * * LOW HITPOINT WARNING * * *
The jackal barely misses you.
You see here a dagger.
The jackal bites you.
* * * LOW HITPOINT WARNING * * *
You feel better. The jackal bites you.
* * * LOW HITPOINT WARNING * * *
The jackal bites you.
* * * LOW HITPOINT WARNING * * *
The jackal barely misses you.
You see here a hobgoblin corpse.
You butcher the hobgoblin corpse.
The jackal bites you.
* * * LOW HITPOINT WARNING * * *
Things that are here:
3 chunks of flesh; a hobgoblin skeleton Eat one of 3 chunks of flesh? (ye/n/q)
You start eating one of the 3 chunks of flesh.
The jackal bites you.
You die...

.........####..........##.......%
.........# #..........##........
.........# #..........##........
.........# #.....K######........
.........# #...)h.# #####K###
.######### #......# #.# .#
#..gh..# #.# ## ####h### #.# #@#
#h# #.# #.# #.# #K#
#.############.# #...h..K.h.h...#
################


You could see 3 jackals, a hobgoblin and a kobold.

Vanquished Creatures
  2 bats (D:1)
  A giant cockroach (D:1)
  A goblin (D:1)
  3 hobgoblins (D:1)
  A jackal (D:1)
  A kobold (D:1)
  A frilled lizard (D:1)
  A rat (D:1)
11 creatures vanquished.

Notes
Turn   | Place    | Note
-------+----------+-------------------------------------------
     0 | D:1      | nono the Ghoul Wanderer began the quest for the Orb.
     0 | D:1      | nono set off with: a +2 dagger, a scroll of fear, a +0 falchion, a potion of curing, a +0 robe, a meat ration
     0 | D:1      | Reached XP level 1. HP: 16/16 MP: 0/0
   114 | D:1      | Reached XP level 2. HP: 11/23 MP: 1/1
   332 | D:1      | Reached skill level 4 in Unarmed Combat
   477 | D:1      | Slain by a jackal

Skill      XL: |  1  2 |
---------------+-------+-----
Unarmed Combat | 4 |  4.1
Fighting       | |  1.1
Long Blades    | |  1.7
Dodging        | |  1.0
Stealth        | |  3.2

Action                   || total
-------------------------++-------
Melee: Unarmed           ||    37
  Use: Potion            ||     1
  Eat: Chunk             ||     3
Armor: Robe              ||     3
Dodge: Dodged            ||    23
